Map: Orbital Shipyard

Players

capac - Winner!

  • Race: Terran Terran
  • League: Gold

wrestler

  • Race: Protoss Protoss
  • League: Gold

VOD

Have the link to the VOD?

Description

Time

  • Played on: Feb. 21, 2016, 10:20 a.m.
  • Length: 14:34
Show
View Real Time Build Order
Export as new Build Order

capac Terran - Winner!

Build Orders:  

Get SALT Encoding   

  12  0:00  SCV  
  13  0:12  SCV  
  14  0:18  Supply Depot  
  14  0:24  SCV  
  15  0:40  Barracks, SCV  
  16  0:52  SCV  
  17  1:00  Supply Depot  
  17  1:06  SCV  
  18  1:18  SCV  
  19  1:32  Command Center  
  19  1:33  Marine  
  20  1:44  Orbital Command  
  20  1:53  Barracks  
  20  1:59  Marine  
  21  2:11  SCV  
  22  2:23  SCV  
  23  2:36  Refinery, SCV  
  23  2:37  Marine  
  24  2:42  Marine  
  26  2:48  Barracks  
  26  2:51  Refinery  
  26  2:54  Marine  
  27  3:01  SCV  
  27  3:03  Orbital Command  
  27  3:05  Marine  
  28  3:12  Refinery, Marine  
  29  3:16  SCV  
  31  3:24  Marine  
  32  3:30  Marine  
  33  3:35  Factory  
  33  3:39  SCV  
  34  3:42  Marine, SCV  
  34  3:48  Marine  
  36  3:49  Barracks Tech Lab  
  36  3:54  SCV  
  38  3:57  SCV  
  38  4:01  Barracks Reactor  
  39  4:06  SCV  
  39  4:09  SCV  
  41  4:20  Factory Reactor  
  41  4:21  Starport, Marine  
  42  4:24  Stimpack  
  42  4:29  SCV x2  
  44  4:33  Engineering Bay  
  44  4:36  Marine  
  45  4:39  Marine  
  46  4:46  Marine x2  
  46  4:47  Supply Depot  
  46  4:48  Supply Depot  
  48  5:06  SCV x2  
  50  5:08  Medivac x2  
  50  5:09  Marine x2  
  50  5:10  Marine  
  50  5:11  Marine  
  58  5:14  Factory Tech Lab  
  58  5:18  Supply Depot  
  58  5:21  Missile Turret  
  58  5:22  SCV  
  58  5:23  SCV  
  58  5:27  Marine  
  61  5:35  Marine  
  62  5:38  Marine x2  
  64  5:44  Liberator  
  64  5:50  SCV x2  
  64  5:53  Siege Tank  
  69  5:58  Marine x2  
  69  6:00  Marine x2  
  69  6:02  SCV  
  77  6:05  Supply Depot  
  74  6:16  Marine x2  
  74  6:18  Marine  
  76  6:31  Terran Infantry Weapons Level 1  
  75  6:59  SCV x2  
  74  7:11  SCV x2  
  74  7:13  Liberator  
  71  7:21  Marine x4  
  68  7:32  Liberator  
  68  7:35  Supply Depot  
  71  7:37  Command Center  
  71  7:39  Marine x4  
  71  7:40  Refinery  
  71  7:43  Missile Turret  
  75  7:46  Siege Tank  
  81  7:57  Marine x3  
  84  8:01  Supply Depot  
  84  8:05  Engineering Bay  
  84  8:12  Missile Turret  
  84  8:17  Starport  
  84  8:42  Marine x2  
  84  8:43  Marine x2, Siege Tank  
  84  8:45  Liberator  
  84  8:46  Liberator  
  90  9:00  Marine  
  90  9:01  Marine x3  
  100  9:10  Starport Reactor  
  100  9:28  Bunker  
  100  9:33  Orbital Command  
  100  9:34  Marine  
  101  9:40  Barracks  
  101  9:42  Barracks  
  101  9:43  Marine x3, Siege Tank  
  107  9:46  Supply Depot  
  107  9:51  Marine  
  108  9:55  Medivac x2  
  108  9:58  Medivac x2  
  116  10:01  Marine  
  117  10:07  Marine x2  
  117  10:09  Marine  
  120  10:22  Marine  
  120  10:23  SCV  
  120  10:24  SCV x2  
  120  10:25  Marine  
  125  10:31  Supply Depot  
  125  10:33  Marine, Medivac x2  
  130  10:36  SCV x2  
  132  10:44  Liberator x2  
  132  10:45  Marine  
  133  10:50  Barracks Reactor  
  133  10:52  Marine x2  
  135  10:57  Supply Depot  
  135  11:02  Barracks Reactor  
  135  11:03  Barracks Reactor  
  141  11:11  Siege Tank  
  144  11:15  SCV x2  
  146  11:21  Refinery  
  146  11:24  Terran Infantry Armor Level 1  
  146  11:32  Marine x2  
  146  11:33  Marine  
  146  11:35  Marine  
  146  11:38  SCV x2  
  152  11:43  Marine x2  
  152  11:44  Marine x2  
  152  11:46  Medivac x2  
  152  11:47  Medivac  
  162  12:12  Marine x3  
  165  12:18  Supply Depot  
  165  12:22  Supply Depot  
  165  12:23  Liberator  
  165  12:26  Liberator  
  165  12:29  Armory  
  165  12:31  Supply Depot  
  165  12:40  Marine x5  
  175  13:13  Liberator x2  
  166  13:27  Marine x3  
  166  13:28  Marine x3  
  166  13:31  Siege Tank  
Show
View Real Time Build Order
Export as new Build Order

wrestler Protoss 

Build Orders: Nexus First 

Get SALT Encoding   

  12  0:01  Probe (Chrono Boost)  
  13  0:11  Probe (Chrono Boost)  
  14  0:22  Probe (Chrono Boost)  
  15  0:48  Assimilator  
  15  0:54  Assimilator  
  15  1:03  Nexus  
  15  1:13  Pylon  
  15  1:20  Probe (Chrono Boost)  
  15  1:27  Assimilator  
  15  1:33  Gateway  
  15  1:37  Probe (Chrono Boost)  
  16  1:48  Probe (Chrono Boost)  
  16  1:51  Assimilator  
  17  1:58  Probe (Chrono Boost)  
  18  2:09  Probe (Chrono Boost)  
  18  2:14  Forge  
  19  2:16  Probe (Chrono Boost)  
  19  2:19  Probe (Chrono Boost)  
  21  2:25  Cybernetics Core  
  21  2:26  Probe (Chrono Boost)  
  22  2:30  Probe (Chrono Boost)  
  23  2:37  Probe (Chrono Boost)  
  23  2:40  Probe (Chrono Boost)  
  25  2:48  Probe (Chrono Boost)  
  25  2:50  Photon Cannon  
  25  2:51  Probe (Chrono Boost)  
  27  2:59  Photon Cannon  
  27  3:03  Warp Gate (Chrono Boost)  
  27  3:06  Adept (Chrono Boost)  
  27  3:09  Probe  
  27  3:10  Probe  
  31  3:20  Probe  
  31  3:21  Probe  
  33  3:31  Robotics Facility  
  33  3:34  Pylon  
  33  3:38  Probe, Adept (Chrono Boost)  
  36  3:43  Assimilator  
  36  3:46  Probe  
  37  3:52  Assimilator  
  37  4:01  Twilight Council  
  37  4:05  Probe (Chrono Boost)  
  37  4:06  Probe (Chrono Boost)  
  39  4:14  Pylon  
  39  4:17  Probe (Chrono Boost)  
  40  4:18  Probe (Chrono Boost)  
  41  4:25  Warp Prism (Chrono Boost)  
  41  4:26  Probe (Chrono Boost)  
  41  4:29  Probe  
  45  4:36  Probe  
  46  4:41  Probe  
  46  4:44  Pylon  
  47  4:46  Probe  
  47  4:48  Pylon  
  47  4:52  Gateway, Pylon  
  48  4:53  Probe  
  48  4:56  Gateway  
  48  4:57  Probe  
  50  5:05  Probe, Resonating Glaives (Chrono Boost)  
  51  5:08  Probe  
  52  5:17  Probe  
  52  5:18  Probe  
  52  5:19  Photon Cannon  
  54  5:22  Photon Cannon  
  54  5:23  Adept  
  54  5:26  Photon Cannon  
  56  5:32  Immortal (Chrono Boost)  
  60  5:37  Robotics Bay  
  60  5:38  Probe  
  61  5:51  Photon Cannon  
  61  5:52  Probe  
  61  5:53  Probe  
  63  6:02  Probe  
  64  6:05  Probe  
  65  6:13  Probe  
  65  6:17  Probe  
  67  6:25  Photon Cannon  
  67  6:28  Photon Cannon  
  67  6:31  Colossus (Chrono Boost), Photon Cannon  
  67  6:32  Stalker  
  75  6:33  Photon Cannon  
  69  6:59  Stalker x3  
  59  7:28  Nexus  
  59  7:44  Nexus  
  59  8:04  Extended Thermal Lance (Chrono Boost)  
  59  8:13  Probe  
  59  8:19  Sentry  
  62  8:25  Probe  
  63  8:39  Colossus, Probe  
  68  8:58  Probe  
  68  8:59  Probe  
  70  9:05  Stargate  
  70  9:07  Stargate  
  70  9:08  Probe  
  70  9:11  Probe  
  70  9:14  Assimilator  
  72  9:17  Adept x2  
  72  9:19  Probe  
  72  9:23  Probe, Assimilator  
  78  9:29  Probe  
  79  9:35  Probe  
  80  9:40  Probe  
  80  9:41  Pylon  
  80  9:42  Probe  
  80  9:44  Pylon  
  82  9:47  Probe, Stalker x2  
  82  9:48  Stalker  
  82  9:50  Probe  
  82  9:52  Probe  
  90  9:59  Probe  
  92  10:01  Probe  
  92  10:03  Probe  
  94  10:11  Probe x2  
  94  10:12  Protoss Ground Weapons Level 1 (Chrono Boost)  
  94  10:13  Probe, Disruptor (Chrono Boost)  
  100  10:22  Probe  
  100  10:24  Probe x2  
  100  10:28  Charge (Chrono Boost)  
  103  10:30  Stalker x2  
  107  10:39  Photon Cannon  
  107  10:41  Photon Cannon  
  107  10:42  Probe, Photon Cannon  
  107  10:43  Probe  
  107  10:46  Photon Cannon  
  109  11:01  Pylon  
  109  11:03  Pylon  
  109  11:18  Probe, Pylon  
  109  11:19  Probe, Void Ray  
  109  11:21  Void Ray, Pylon  
  119  11:28  Stalker x2  
  123  11:36  Disruptor (Chrono Boost)  
  123  11:39  Nexus  
  126  11:44  Gateway  
  126  11:51  Gateway  
  126  11:53  Gateway  
  126  12:01  Pylon  
  126  12:02  Pylon  
  126  12:13  Protoss Ground Weapons Level 2 (Chrono Boost)  
  126  12:19  Void Ray x2 (Chrono Boost), Robotics Facility  
  134  12:23  Robotics Facility  
  134  12:38  Assimilator  
  134  12:40  Assimilator  
  124  12:45  Sentry  
  124  12:50  Adept x2  
  129  13:06  Colossus  
  132  13:47  Stalker  
  132  13:48  Stalker x3  
  137  13:52  Void Ray x2 (Chrono Boost)  
Tags
 
Add a new tag
Caveats
  • Supply blocks, unpowered buildings, or Contaminate may cause inaccurate times.
  • Supply counts are checked every 10 seconds.